[Event "ICC tourney 2329 (3 2)"]
[Site "Internet Chess Club"]
[Date "2021.01.22"]
[Round "1"]
[White "kurumania"]
[Black "Kokosnuss1000"]
[Result "1-0"]
[ICCResult "Black checkmated"]
[WhiteElo "2514"]
[BlackElo "1650"]
[Opening "Vienna gambit"]
[ECO "C29"]
[NIC "VG.04"]
[Time "22:03:20"]
[PlyCount "39"]
[TimeControl "180+2"]

1. e4 e5 2. Nc3 Nf6 3. f4 d6 4. fxe5 dxe5 5. Nf3 Bg4 6. Bc4 Be7 7. Bxf7+
Kxf7 8. Nxe5+ Kg8 9. Nxg4 Nxg4 10. Qxg4 Bh4+ 11. g3 Qg5 12. Qe6+ Kf8 13.
O-O+ Qf6 14. Rxf6+ gxf6 15. gxh4 Rg8+ 16. Kh1 Nc6 17. d3 Re8 18. Bh6+ Rg7
19. Qxf6+ Kg8 20. Qxg7# { Black checkmated } 1-0

[Event "ICC tourney 2329 (3 2)"]
[Site "Internet Chess Club"]
[Date "2021.01.22"]
[Round "1"]
[White "ved2006"]
[Black "woochess"]
[Result "0-1"]
[ICCResult "White resigns"]
[WhiteElo "1686"]
[BlackElo "2595"]
[Opening "Queen's pawn game"]
[ECO "D05"]
[NIC "QP.06"]
[Time "22:03:13"]
[PlyCount "26"]
[TimeControl "180+2"]

1. d4 Nf6 2. Nf3 e6 3. e3 d5 4. c4 c5 5. Nc3 a6 6. b3 Nc6 7. Bb2 cxd4 8.
Nxd4 Bb4 9. Nxc6 bxc6 10. Be2 Ne4 11. Qc2 Qf6 12. O-O Bxc3 13. Bxc3 Qxc3 {
White resigns } 0-1

[Event "ICC tourney 2329 (3 2)"]
[Site "Internet Chess Club"]
[Date "2021.01.22"]
[Round "1"]
[White "muzikmixer"]
[Black "ASharikov"]
[Result "0-1"]
[ICCResult "White resigns"]
[WhiteElo "1633"]
[BlackElo "2281"]
[Opening "Richter-Veresov attack"]
[ECO "D01"]
[NIC "QP.07"]
[Time "22:03:17"]
[PlyCount "46"]
[TimeControl "180+2"]

1. d4 Nf6 2. Nc3 d5 3. Bg5 Nbd7 4. Nf3 g6 5. Qd3 Bg7 6. e4 dxe4 7. Nxe4 O-O
8. Nxf6+ exf6 9. Be3 Re8 10. O-O-O Nb6 11. Qd2 Be6 12. Kb1 Nc4 13. Qd3 b5
14. Bc1 Qd5 15. b3 Rab8 16. Ka1 Nd6 17. h4 Bf5 18. Qc3 Ne4 19. Qe1 b4 20.
h5 Nc3 21. Rd3 Rxe1 22. Nxe1 Bxd3 23. Bxd3 Qa5 { White resigns } 0-1

[Event "ICC tourney 2329 (3 2)"]
[Site "Internet Chess Club"]
[Date "2021.01.22"]
[Round "1"]
[White "BMWHero"]
[Black "clair"]
[Result "1-0"]
[ICCResult "Black checkmated"]
[WhiteElo "2580"]
[BlackElo "1681"]
[Opening "Robatsch (modern) defense"]
[ECO "B06"]
[NIC "KF.05"]
[Time "22:03:13"]
[PlyCount "63"]
[TimeControl "180+2"]

1. e4 g6 2. d4 Bg7 3. Nf3 e6 4. h4 h6 5. c4 Ne7 6. Nc3 d5 7. e5 c5 8. cxd5
exd5 9. dxc5 Nbc6 10. Bf4 Bg4 11. Be2 Bxf3 12. Bxf3 Nxe5 13. Bxd5 O-O 14.
O-O Nxd5 15. Qxd5 Qxd5 16. Nxd5 Kh7 17. Rad1 Nc4 18. b3 Na3 19. Bd6 Rfe8
20. Nc7 a6 21. Nxa8 Rxa8 22. c6 bxc6 23. Bxa3 Rc8 24. Rfe1 c5 25. Rd7 Kg8
26. Ree7 Bf6 27. Rxf7 Bd4 28. Rfe7 Rf8 29. Kh2 Bxf2 30. Rg7+ Kh8 31. Rh7+
Kg8 32. Rdg7# { Black checkmated } 1-0

[Event "ICC tourney 2329 (3 2)"]
[Site "Internet Chess Club"]
[Date "2021.01.22"]
[Round "1"]
[White "Zapateado"]
[Black "ConnorGo"]
[Result "1-0"]
[ICCResult "Black resigns"]
[WhiteElo "1908"]
[BlackElo "1145"]
[Opening "Caro-Kann: anti-anti-Caro-Kann defense"]
[ECO "A11"]
[NIC "EO.64"]
[Time "22:03:29"]
[PlyCount "49"]
[TimeControl "180+2"]

1. c4 c6 2. e4 d5 3. cxd5 cxd5 4. exd5 Qxd5 5. Nc3 Qd8 6. Nf3 Nf6 7. d4 g6
8. Bc4 Bg7 9. O-O O-O 10. Re1 a6 11. h3 Nc6 12. d5 Na5 13. Bf1 b5 14. a3
Bb7 15. Bg5 Nxd5 16. Nxd5 Qxd5 17. Qxd5 Bxd5 18. Bxe7 Rfe8 19. Bb4 Nc6 20.
Bc3 Bxf3 21. Bxg7 Bxg2 22. Bxg2 Kxg7 23. Bxc6 Re6 24. Bxa8 Rxe1+ 25. Rxe1 {
Black resigns } 1-0

[Event "ICC tourney 2329 (3 2)"]
[Site "Internet Chess Club"]
[Date "2021.01.22"]
[Round "1"]
[White "GGuseinov"]
[Black "hackerguru"]
[Result "1-0"]
[ICCResult "Black checkmated"]
[WhiteElo "2715"]
[BlackElo "1750"]
[Opening "Sicilian: closed, 2...Nc6"]
[ECO "B23"]
[NIC "SI.44"]
[Time "22:03:15"]
[PlyCount "49"]
[TimeControl "180+2"]

1. e4 c5 2. Nc3 Nc6 3. Nf3 e5 4. Bc4 Be7 5. d3 d6 6. O-O Nf6 7. Ng5 Kf8 8.
f4 exf4 9. Nxf7 Qe8 10. Nxh8 Ne5 11. Bb3 Bg4 12. Qe1 Qh5 13. Bxf4 g5 14.
Bxe5 dxe5 15. Nd5 Qh6 16. Nf7 Qg7 17. Nxe5 Bc8 18. Qf2 a5 19. Nxf6 Bxf6 20.
Qxf6+ Qxf6 21. Rxf6+ Ke7 22. Raf1 a4 23. Bd5 Ra6 24. Rf7+ Kd6 25. Nc4# {
Black checkmated } 1-0

[Event "ICC tourney 2329 (3 2)"]
[Site "Internet Chess Club"]
[Date "2021.01.22"]
[Round "1"]
[White "JamesS"]
[Black "Goran21"]
[Result "0-1"]
[ICCResult "White resigns"]
[WhiteElo "1364"]
[BlackElo "2008"]
[Opening "Sicilian"]
[ECO "B54"]
[NIC "SI.01"]
[Time "22:03:31"]
[PlyCount "50"]
[TimeControl "180+2"]

1. e4 c5 2. Nf3 d6 3. d4 cxd4 4. Nxd4 e5 5. Nb3 Nf6 6. Nc3 a6 7. Bg5 Be7 8.
Bc4 O-O 9. Qe2 b5 10. Bd5 Nxd5 11. Nxd5 Bxg5 12. h4 Be7 13. O-O-O Nc6 14.
g4 Be6 15. f4 exf4 16. Nxf4 Bc4 17. Qf2 Ne5 18. Nd4 Rc8 19. Kb1 Qa5 20. a3
b4 21. Nb3 Bxb3 22. cxb3 bxa3 23. Rd5 Qb4 24. Qe3 axb2 25. Kxb2 Nc4+ {
White resigns } 0-1

[Event "ICC tourney 2329 (3 2)"]
[Site "Internet Chess Club"]
[Date "2021.01.22"]
[Round "1"]
[White "sarvadh"]
[Black "yogokings12"]
[Result "0-1"]
[ICCResult "White resigns"]
[WhiteElo "2250"]
[BlackElo "1573"]
[Opening "Sicilian: dragon, classical, 9.Nb3"]
[ECO "B74"]
[NIC "SI.16"]
[Time "22:03:13"]
[PlyCount "42"]
[TimeControl "180+2"]

1. e4 c5 2. Nf3 d6 3. d4 cxd4 4. Nxd4 Nf6 5. Nc3 g6 6. Be3 Bg7 7. Be2 O-O
8. O-O Nc6 9. Nb3 Be6 10. f4 a5 11. a4 Rc8 12. Bf3 Nb4 13. Nd5 Bxd5 14. c3
Bxb3 15. Qxb3 Nc6 16. Qxb7 Qc7 17. Qb5 Rb8 18. Qe2 Nd7 19. Rfd1 Nc5 20. Bd4
Bxd4+ 21. cxd4 Nb3 { White resigns } 0-1

[Event "ICC tourney 2329 (3 2)"]
[Site "Internet Chess Club"]
[Date "2021.01.22"]
[Round "1"]
[White "Averyyu321"]
[Black "Openyagami"]
[Result "0-1"]
[ICCResult "White checkmated"]
[WhiteElo "1713"]
[BlackElo "2606"]
[Opening "Sicilian: Nimzovich-Rossolimo attack (with ...g6, without ...d6)"]
[ECO "B31"]
[NIC "SI.31"]
[Time "22:03:13"]
[PlyCount "62"]
[TimeControl "180+2"]

1. e4 c5 2. Nf3 Nc6 3. Bb5 g6 4. Bxc6 dxc6 5. d3 Bg7 6. Nc3 Nf6 7. Be3 b6
8. h3 O-O 9. Qd2 Re8 10. O-O e5 11. Bh6 Bh8 12. Qg5 Nh5 13. Ne2 Qxg5 14.
Bxg5 f6 15. Be3 Ng7 16. Nh2 Ne6 17. f4 exf4 18. Nxf4 Nxf4 19. Bxf4 f5 20.
exf5 Bxb2 21. Rab1 Bd4+ 22. Kh1 Bxf5 23. Nf3 Bc3 24. g4 Be6 25. Ng5 Bd5+
26. Nf3 Re2 27. Rfc1 Rf8 28. Rf1 Rxf4 29. g5 Bd4 30. Rbe1 Rxf3 31. Rxe2
Rxh3# { White checkmated } 0-1

[Event "ICC tourney 2329 (3 2)"]
[Site "Internet Chess Club"]
[Date "2021.01.22"]
[Round "1"]
[White "yuanbao2007"]
[Black "Assured"]
[Result "0-1"]
[ICCResult "White resigns"]
[WhiteElo "1664"]
[BlackElo "2577"]
[Opening "King's Indian: orthodox, 7...Nbd7"]
[ECO "E94"]
[NIC "KI.12"]
[Time "22:03:22"]
[PlyCount "62"]
[TimeControl "180+2"]

1. d4 Nf6 2. c4 g6 3. Nf3 Bg7 4. Nc3 d6 5. e4 O-O 6. Be2 Nbd7 7. O-O e5 8.
d5 Nc5 9. Nd2 a5 10. a3 a4 11. b4 axb3 12. Nxb3 Nfxe4 13. Nxe4 Nxe4 14. Bb2
Bd7 15. Rc1 Ba4 16. Qd3 Bxb3 17. Qxe4 b6 18. f3 f5 19. Qd3 Ba4 20. Ba1 Qe7
21. Bd1 Bd7 22. Bc2 Ra7 23. Bb1 e4 24. fxe4 Bxa1 25. exf5 Bxf5 26. Qg3 Be5
27. Qb3 Bxb1 28. Rxf8+ Qxf8 29. Rxb1 Qf4 30. g3 Qe4 31. Rf1 Bd4+ { White
resigns } 0-1

[Event "ICC tourney 2329 (3 2)"]
[Site "Internet Chess Club"]
[Date "2021.01.22"]
[Round "1"]
[White "MChessy"]
[Black "anmolwarman"]
[Result "1-0"]
[ICCResult "Black checkmated"]
[WhiteElo "1950"]
[BlackElo "1187"]
[Opening "Sicilian: Hungarian variation"]
[ECO "B34"]
[NIC "SI.43"]
[Time "22:03:15"]
[PlyCount "57"]
[TimeControl "180+2"]

1. e4 c5 2. Nf3 g6 3. d4 cxd4 4. Nxd4 Bg7 5. Nc3 Nc6 6. Be3 Nf6 7. Qd2 Ng4
8. O-O-O Nxe3 9. fxe3 O-O 10. h4 a5 11. h5 d6 12. hxg6 fxg6 13. Bc4+ Kh8
14. g3 Rb8 15. Qh2 h5 16. Ne6 Bxe6 17. Bxe6 Ne5 18. g4 Qb6 19. Qh3 Rf3 20.
Qh2 Qxe3+ 21. Kb1 Rbf8 22. gxh5 g5 23. h6 Bf6 24. Qh5 Nc6 25. Qg6 Nd4 26.
h7 Nxe6 27. Nd5 Nf4 28. Qh6 Nxd5 29. Qxf8# { Black checkmated } 1-0

[Event "ICC tourney 2329 (3 2)"]
[Site "Internet Chess Club"]
[Date "2021.01.22"]
[Round "1"]
[White "InfernoKing"]
[Black "marinaxiao"]
[Result "1-0"]
[ICCResult "Black checkmated"]
[WhiteElo "2133"]
[BlackElo "1496"]
[Opening "Sicilian: Pelikan, Chelyabinsk variation"]
[ECO "B33"]
[NIC "SI.37"]
[Time "22:03:13"]
[PlyCount "129"]
[TimeControl "180+2"]

1. e4 c5 2. Nf3 Nc6 3. d4 cxd4 4. Nxd4 Nf6 5. Nc3 e5 6. Ndb5 d6 7. Bg5 a6
8. Na3 b5 9. Nd5 Be7 10. Bxf6 Bxf6 11. c4 b4 12. Nc2 a5 13. Be2 O-O 14. O-O
Bg5 15. b3 Be6 16. a3 bxa3 17. Nxa3 Ne7 18. Nb5 Nxd5 19. cxd5 Bd7 20. Nxd6
Be7 21. Nf5 Bxf5 22. exf5 Qb6 23. Qd3 Rfb8 24. Rfb1 Rd8 25. Bf3 Bc5 26. Qe2
Rab8 27. Ra2 Qd6 28. Rxa5 Bb4 29. Ra6 Qc5 30. Qc4 Qxc4 31. bxc4 Rdc8 32.
Rc6 Be7 33. Rxb8 Rxb8 34. g3 g6 35. fxg6 fxg6 36. c5 Rb5 37. d6 Bf6 38.
Bd5+ Kg7 39. Rc7+ Kh6 40. Rc8 g5 41. d7 Rb1+ 42. Kg2 Rd1 43. d8=Q Bxd8 44.
Rxd8 Kg6 45. c6 Kf6 46. c7 Rc1 47. c8=Q Rxc8 48. Rxc8 e4 49. Bxe4 g4 50.
Bxh7 Kg5 51. Rc5+ Kf6 52. Bf5 Kg5 53. Bxg4+ Kxg4 54. Rc4+ Kg5 55. Kf3 Kf5
56. Rc5+ Kf6 57. Kf4 Ke6 58. h4 Kf6 59. h5 Kg7 60. Kf5 Kh6 61. g4 Kh7 62.
g5 Kg7 63. Rc7+ Kh8 64. Kg6 Kg8 65. Rc8# { Black checkmated } 1-0

[Event "ICC tourney 2329 (3 2)"]
[Site "Internet Chess Club"]
[Date "2021.01.22"]
[Round "1"]
[White "DualMoneytime"]
[Black "michaelxiao"]
[Result "1-0"]
[ICCResult "Black checkmated"]
[WhiteElo "1982"]
[BlackElo "1336"]
[Opening "French: Rubinstein variation"]
[ECO "C10"]
[NIC "FR.07"]
[Time "22:03:20"]
[PlyCount "67"]
[TimeControl "180+2"]

1. e4 e6 2. d4 d5 3. Nc3 dxe4 4. Nxe4 Be7 5. Nf3 Nf6 6. Ng3 Nc6 7. c3 b6 8.
Bb5 Bd7 9. Bd3 Bd6 10. Qe2 O-O 11. Ne5 Ne7 12. f4 Ng6 13. O-O Bxe5 14. fxe5
Nd5 15. Ne4 Qh4 16. Bg5 Ndf4 17. Qf3 Qh5 18. Bxf4 Nxf4 19. Qxf4 f5 20. exf6
Rf7 21. Qg3 Qg6 22. Qxg6 hxg6 23. fxg7 Rxg7 24. Ng5 Bc6 25. Be4 Bb5 26.
Bxa8 Bxf1 27. Rxf1 Re7 28. Nxe6 Rxe6 29. Bd5 Kg7 30. Bxe6 Kh6 31. h4 Kh5
32. g3 Kh6 33. Rf7 Kh5 34. Rh7# { Black checkmated } 1-0

[Event "ICC tourney 2329 (3 2)"]
[Site "Internet Chess Club"]
[Date "2021.01.22"]
[Round "1"]
[White "TjkTiger"]
[Black "Purushottam123"]
[Result "1-0"]
[ICCResult "Black resigns"]
[WhiteElo "2597"]
[BlackElo "1700"]
[Opening "QGD: semi-Slav, Marshall gambit"]
[ECO "A11"]
[NIC "SL.06"]
[Time "22:05:11"]
[PlyCount "53"]
[TimeControl "180+2"]

1. c4 c6 2. Nc3 d5 3. d4 e6 4. e4 dxe4 5. Nxe4 Nf6 6. Nxf6+ Qxf6 7. Nf3
Bb4+ 8. Bd2 Bxd2+ 9. Qxd2 O-O 10. Bd3 Rd8 11. O-O-O c5 12. dxc5 Nc6 13. Qg5
Qxg5+ 14. Nxg5 h6 15. Ne4 e5 16. Nd6 Nb4 17. Be4 Nxa2+ 18. Kb1 Nb4 19. Nxb7
Bxb7 20. Bxb7 Rab8 21. Rxd8+ Rxd8 22. c6 Nxc6 23. Bxc6 Rc8 24. Bd5 Rb8 25.
Kc2 Kf8 26. Ra1 Rc8 27. Rxa7 { Black resigns } 1-0

[Event "ICC tourney 2329 (3 2)"]
[Site "Internet Chess Club"]
[Date "2021.01.22"]
[Round "1"]
[White "hggonzalezzss"]
[Black "BlueDuck"]
[Result "1-0"]
[ICCResult "Black resigns"]
[WhiteElo "1776"]
[BlackElo "980"]
[Opening "Sicilian"]
[ECO "B54"]
[NIC "SI.01"]
[Time "22:03:21"]
[PlyCount "85"]
[TimeControl "180+2"]

1. e4 c5 2. Nf3 d6 3. d4 cxd4 4. Nxd4 g6 5. c4 Bg7 6. Be3 Nf6 7. Nc3 O-O 8.
Be2 Nc6 9. f3 Nd7 10. Nxc6 bxc6 11. O-O Nb6 12. Rc1 c5 13. Qd2 Be6 14. b3
Nd7 15. Bh6 Bxh6 16. Qxh6 Nf6 17. Bd3 Kh8 18. Nd5 Ng8 19. Qg5 Bxd5 20. exd5
e6 21. Qxd8 Raxd8 22. dxe6 fxe6 23. Rfe1 Rfe8 24. Rcd1 a5 25. Be4 Nf6 26.
Bc6 Re7 27. Kf2 Nd7 28. Rxd6 Kg7 29. Rxd7 Re8 30. Rxe6 Kf8 31. Rdxe7 Rxe7
32. Rxe7 Kxe7 33. Ke3 Kd6 34. Bd5 Ke5 35. g3 h6 36. f4+ Kf6 37. h3 h5 38.
g4 h4 39. Ke4 g5 40. fxg5+ Kxg5 41. Be6 Kf6 42. Kd5 Ke7 43. Kxc5 { Black
resigns } 1-0

[Event "ICC tourney 2329 (3 2)"]
[Site "Internet Chess Club"]
[Date "2021.01.22"]
[Round "1"]
[White "PearsonH"]
[Black "jefferyx"]
[Result "0-1"]
[ICCResult "White resigns"]
[WhiteElo "1752"]
[BlackElo "2825"]
[Opening "Queen's pawn: London system"]
[ECO "A45"]
[NIC "QP.07"]
[Time "22:03:18"]
[PlyCount "102"]
[TimeControl "180+2"]

1. d4 Nf6 2. Bf4 c5 3. d5 Qb6 4. b3 Qb4+ 5. Bd2 Qd4 6. Nc3 Nxd5 7. Nxd5
Qxd5 8. c4 Qe4 9. Nf3 Nc6 10. e3 d6 11. Bc3 Bf5 12. Ng5 Qg4 13. Qxg4 Bxg4
14. h3 Bf5 15. Nf3 e6 16. Be2 Be7 17. O-O O-O 18. Rad1 Rfd8 19. Nh4 Be4 20.
Bf3 Bc2 21. Rd2 Bxb3 22. axb3 Bxh4 23. Rfd1 Be7 24. Bxc6 bxc6 25. e4 Rab8
26. Rb1 Rd7 27. Rd3 Rdb7 28. Rg3 Rxb3 29. Rxg7+ Kf8 30. Rxb3 Rxb3 31. Rg3
Ke8 32. Kh2 Ra3 33. Rg8+ Kd7 34. Bd2 Ra4 35. Rg7 Ke8 36. Rg8+ Kd7 37. Rg7
Rxc4 38. Rxf7 Ke8 39. Rxh7 Rxe4 40. Rh8+ Kf7 41. Ra8 Re2 42. Be3 Ra2 43.
Kg3 c4 44. Rb8 e5 45. Rc8 d5 46. Rxc6 d4 47. Bc1 c3 48. Rc4 Ke6 49. f4 Kd5
50. Rc8 e4 51. Rc7 Bd6 { White resigns } 0-1

[Event "ICC tourney 2329 (3 2)"]
[Site "Internet Chess Club"]
[Date "2021.01.22"]
[Round "1"]
[White "Kinawa"]
[Black "jy2020"]
[Result "0-1"]
[ICCResult "White forfeits on time"]
[WhiteElo "1535"]
[BlackElo "2213"]
[Opening "Sicilian: Najdorf"]
[ECO "B90"]
[NIC "SI.14"]
[Time "22:03:30"]
[PlyCount "58"]
[TimeControl "180+2"]

1. e4 c5 2. Nf3 d6 3. d4 cxd4 4. Nxd4 Nf6 5. Nc3 a6 6. f3 e5 7. Nb3 Be6 8.
Be3 h5 9. a4 Nbd7 10. a5 Rc8 11. Be2 Be7 12. O-O O-O 13. Qd2 Qc7 14. Rfc1
Nc5 15. Nxc5 dxc5 16. Nd5 Bxd5 17. exd5 c4 18. Kh1 Bc5 19. Bg5 Be7 20. Be3
Bd6 21. Bb6 Qe7 22. b3 c3 23. Qd1 e4 24. Bc4 Qe5 25. Bg1 exf3 26. Qxf3 Ne4
27. Re1 f5 28. g3 Rce8 29. Bb6 Rf6 { White forfeits on time } 0-1

[Event "ICC tourney 2329 (3 2)"]
[Site "Internet Chess Club"]
[Date "2021.01.22"]
[Round "1"]
[White "al68067"]
[Black "BreatheChessAls"]
[Result "0-1"]
[ICCResult "White resigns"]
[WhiteElo "1155"]
[BlackElo "1915"]
[Opening "Queen's pawn, Mason variation"]
[ECO "D00"]
[NIC "QP.08"]
[Time "22:03:21"]
[PlyCount "94"]
[TimeControl "180+2"]

1. d4 d5 2. Bf4 c6 3. Nf3 Qb6 4. b3 Nf6 5. e3 Bf5 6. Bd3 Be4 7. Nc3 e6 8.
O-O Bb4 9. Na4 Qd8 10. a3 Ba5 11. b4 Bc7 12. Bxc7 Qxc7 13. Bxe4 Nxe4 14.
Nd2 Nxd2 15. Qxd2 Nd7 16. Rac1 Nf6 17. c4 Ng4 18. g3 h5 19. cxd5 exd5 20.
Qe2 Nf6 21. Nc5 h4 22. Nd3 hxg3 23. hxg3 O-O-O 24. Ne5 Rh7 25. b5 Rd6 26.
bxc6 bxc6 27. Qa6+ Qb7 28. Qxb7+ Kxb7 29. Nxf7 Re6 30. Ne5 Kc7 31. Rc2 Nd7
32. Nxd7 Kxd7 33. Rfc1 Reh6 34. Kg2 Rh2+ 35. Kf3 R7h6 36. Rf1 Rf6+ 37. Kg4
Rg6+ 38. Kf5 Rf6+ 39. Kg5 Ke7 40. f4 Rxc2 41. Rb1 Rg2 42. Rb7+ Kf8 43. Rb8+
Kf7 44. Rb7+ Kg8 45. Rxa7 Rxg3+ 46. Kh4 Rg1 47. Ra8+ Kh7 { White resigns }
0-1

[Event "ICC tourney 2329 (3 2)"]
[Site "Internet Chess Club"]
[Date "2021.01.22"]
[Round "1"]
[White "Gnanathan"]
[Black "Ben2008"]
[Result "0-1"]
[ICCResult "White checkmated"]
[WhiteElo "1101"]
[BlackElo "1900"]
[Opening "Sicilian: Najdorf, Lipnitzky attack"]
[ECO "B86"]
[NIC "SI.13"]
[Time "22:03:12"]
[PlyCount "116"]
[TimeControl "180+2"]

1. e4 c5 2. Nf3 d6 3. d4 cxd4 4. Nxd4 Nf6 5. Nc3 a6 6. Bc4 e6 7. Bg5 Be7 8.
O-O O-O 9. f4 h6 10. Bh4 Nc6 11. Nxc6 bxc6 12. e5 Nd5 13. Bxd5 cxd5 14.
Bxe7 Qxe7 15. exd6 Qxd6 16. Ne4 Qb6+ 17. Nf2 Qxb2 18. f5 Rd8 19. fxe6 Bxe6
20. Nd3 Qd4+ 21. Kh1 Rac8 22. Nf4 Qxd1 23. Raxd1 Rxc2 24. Nxe6 fxe6 25.
Rfe1 Rd6 26. a4 Ra2 27. Rd4 e5 28. Rb4 e4 29. Rd4 e3 30. h3 e2 31. Kg1 Kf7
32. Kf2 Rf6+ 33. Ke3 Rf5 34. g4 Re5+ 35. Kf4 Ke6 36. Rb4 g5+ 37. Kf3 Ra3+
38. Kf2 Re4 39. Rxe2 Ke5 40. Rexe4+ dxe4 41. Rb6 Rxa4 42. Rxh6 Ra2+ 43. Ke3
Ra3+ 44. Ke2 Ra2+ 45. Ke3 a5 46. Rh5 Ra3+ 47. Ke2 Kf6 48. h4 gxh4 49. Rxh4
Kg5 50. Rh5+ Kxg4 51. Re5 Kf4 52. Rd5 Ra2+ 53. Ke1 Ke3 54. Rd1 Rh2 55. Rd3+
exd3 56. Kf1 d2 57. Kg1 Re2 58. Kh1 d1=Q# { White checkmated } 0-1

[Event "ICC tourney 2329 (3 2)"]
[Site "Internet Chess Club"]
[Date "2021.01.22"]
[Round "1"]
[White "baldwinsthename"]
[Black "avocuddle"]
[Result "0-1"]
[ICCResult "White checkmated"]
[WhiteElo "1272"]
[BlackElo "1961"]
[Opening "Caro-Kann defense"]
[ECO "B10"]
[NIC "CK.01"]
[Time "22:03:20"]
[PlyCount "136"]
[TimeControl "180+2"]

1. e4 c6 2. c3 d5 3. d3 dxe4 4. d4 Bf5 5. Bc4 e6 6. Be3 Nf6 7. h3 Nd5 8.
Qd2 Nxe3 9. fxe3 Qh4+ 10. Kd1 Nd7 11. Na3 Be7 12. Nc2 O-O 13. Ne2 Qf2 14.
Nf4 Qxd2+ 15. Kxd2 b5 16. Be2 Nf6 17. g4 Bg6 18. g5 Nd5 19. h4 Nxf4 20.
exf4 f6 21. Ke3 fxg5 22. hxg5 Bd6 23. Raf1 Rf7 24. c4 Raf8 25. Rh4 a6 26.
a4 bxa4 27. c5 Bc7 28. Bxa6 Rb8 29. Bc4 Bf5 30. Ne1 Rxb2 31. Ng2 a3 32. Rf2
Rxf2 33. Kxf2 Ba5 34. Ne3 Kf8 35. Nxf5 exf5 36. Bxf7 Kxf7 37. Rh3 Bb4 38.
Rxh7 a2 39. Rh1 Bc3 40. Ke3 a1=Q 41. Rxa1 Bxa1 42. Kd2 Bxd4 43. Kc2 Bxc5
44. Kb3 Ke6 45. Kc4 Kd6 46. Kc3 Be3 47. Kc2 Bxf4 48. g6 Ke5 49. Kb3 Kf6 50.
Kc4 Kxg6 51. Kd4 Kf6 52. Kc5 g5 53. Kxc6 Ke5 54. Kd7 e3 55. Ke7 e2 56. Kf7
e1=Q 57. Kg6 Bc1 58. Kh5 Qh1+ 59. Kg6 g4 60. Kf7 g3 61. Kg6 f4 62. Kf7 f3
63. Kg6 g2 64. Kf7 f2 65. Kg6 g1=Q+ 66. Kf7 f1=Q+ 67. Ke7 Qg7+ 68. Kd8
Qff8# { White checkmated } 0-1

[Event "ICC tourney 2329 (3 2)"]
[Site "Internet Chess Club"]
[Date "2021.01.22"]
[Round "1"]
[White "ZYCON"]
[Black "JDD01"]
[Result "1/2-1/2"]
[ICCResult "Game drawn by mutual agreement"]
[WhiteElo "1385"]
[BlackElo "1817"]
[Opening "King's Indian: Petrosian system"]
[ECO "E92"]
[NIC "KI.17"]
[Time "22:03:26"]
[PlyCount "68"]
[TimeControl "180+2"]

1. d4 Nf6 2. c4 g6 3. Nf3 Bg7 4. Nc3 O-O 5. e4 d6 6. Be2 e5 7. d5 Ne8 8.
O-O f5 9. Bg5 Nf6 10. exf5 Bxf5 11. Bxf6 Qxf6 12. Bd3 Bd7 13. Ne4 Qf7 14.
b4 Bg4 15. Be2 Qf4 16. Nfd2 Bf5 17. Bd3 Nd7 18. Qf3 Bxe4 19. Qxf4 Rxf4 20.
Nxe4 Nf6 21. f3 Rf8 22. Nxf6+ R4xf6 23. Be4 R6f7 24. Rab1 Ra8 25. Rfc1 a5
26. b5 Bh6 27. Rc2 Be3+ 28. Kf1 Bc5 29. a4 b6 30. Ke2 Raf8 31. Rc3 Rf4 32.
Rd3 Kg7 33. Rbb3 h6 34. g3 R4f7 { Game drawn by mutual agreement } 1/2-1/2

[Event "ICC tourney 2329 (3 2)"]
[Site "Internet Chess Club"]
[Date "2021.01.22"]
[Round "1"]
[White "ChiefDas"]
[Black "Kyle45"]
[Result "1/2-1/2"]
[ICCResult "Game drawn by repetition"]
[WhiteElo "1857"]
[BlackElo "1100"]
[Opening "Sicilian: Anderssen variation"]
[ECO "B41"]
[NIC "SI.41"]
[Time "22:03:13"]
[PlyCount "92"]
[TimeControl "180+2"]

1. e4 c5 2. Nf3 e6 3. d4 cxd4 4. Nxd4 Nf6 5. Nc3 Be7 6. Be3 Nc6 7. Be2 d6
8. O-O O-O 9. Qd2 e5 10. Nb3 Qd7 11. f3 Rd8 12. Nd5 b6 13. Bb5 Bb7 14. Rad1
Qe6 15. Kh1 Rac8 16. c3 Bf8 17. Bg5 Be7 18. Qf2 h6 19. Be3 Na5 20. Nxa5
bxa5 21. Nxf6+ Bxf6 22. Bxa7 d5 23. exd5 Bxd5 24. Bb6 Rd6 25. Be3 Bxa2 26.
Qg3 Bb3 27. Rxd6 Qxd6 28. Bxh6 Rd8 29. Be3 a4 30. c4 Qd3 31. Qf2 Bxc4 32.
Bxc4 Qxc4 33. f4 e4 34. Rc1 Qd3 35. h3 Bd4 36. Bxd4 Rxd4 37. Rc3 Qd1+ 38.
Kh2 Qd2 39. Qh4 f6 40. Rc8+ Rd8 41. Rxd8+ Qxd8 42. Qh5 Qd3 43. Qe8+ Kh7 44.
Qh5+ Kg8 45. Qe8+ Kh7 46. Qh5+ Kg8 { Game drawn by repetition } 1/2-1/2

[Event "ICC tourney 2329 (3 2)"]
[Site "Internet Chess Club"]
[Date "2021.01.22"]
[Round "1"]
[White "Fuydestroyer"]
[Black "Ayushb"]
[Result "0-1"]
[ICCResult "White checkmated"]
[WhiteElo "129"]
[BlackElo "1769"]
[Opening "Evans gambit"]
[ECO "C52"]
[NIC "IG.05"]
[Time "22:03:21"]
[PlyCount "116"]
[TimeControl "180+2"]

1. e4 e5 2. Nf3 Nc6 3. Bc4 Bc5 4. b4 Bxb4 5. c3 Ba5 6. O-O Nf6 7. d4 O-O 8.
dxe5 Nxe4 9. Qd3 Nc5 10. Qe3 Bb6 11. Qf4 d6 12. exd6 Qxd6 13. Qxd6 cxd6 14.
Be3 Be6 15. Bxe6 fxe6 16. Nbd2 Rad8 17. Ng5 Rfe8 18. Nc4 Bc7 19. Rad1 h6
20. Bxc5 dxc5 21. Rxd8 Bxd8 22. Ne4 b6 23. Ned6 Re7 24. a4 Bc7 25. Ne4 Rd7
26. g3 Ne5 27. Nxe5 Bxe5 28. Re1 Bc7 29. c4 Kf7 30. Nc3 a6 31. Kg2 Rd4 32.
Re4 Kf6 33. Rxd4 cxd4 34. Ne4+ Ke5 35. Nd2 d3 36. Kf1 Kd4 37. Ke1 e5 38.
Kd1 e4 39. h3 Bd6 40. h4 Bb4 41. Nb3+ Kxc4 42. Nd2+ Bxd2 43. Kxd2 Kb4 44.
Ke3 Kxa4 45. Kxe4 d2 46. Kf5 d1=Q 47. Kg6 Qf1 48. f4 Qg2 49. Kxg7 Qxg3+ 50.
Kxh6 Qxh4+ 51. Kg6 Qxf4 52. Kh5 b5 53. Kg6 b4 54. Kh5 Qg3 55. Kh6 b3 56.
Kh7 b2 57. Kh6 b1=R 58. Kh7 Rh1# { White checkmated } 0-1

[Event "ICC tourney 2329 (3 2)"]
[Site "Internet Chess Club"]
[Date "2021.01.22"]
[Round "1"]
[White "stephenwilly"]
[Black "Drachekokosnuss"]
[Result "0-1"]
[ICCResult "White checkmated"]
[WhiteElo "1460"]
[BlackElo "2100"]
[Opening "Two knights defense"]
[ECO "C56"]
[NIC "KP.02"]
[Time "22:03:19"]
[PlyCount "142"]
[TimeControl "180+2"]

1. e4 e5 2. Nf3 Nc6 3. Bc4 Nf6 4. d4 exd4 5. O-O Nxe4 6. Re1 d5 7. Bxd5
Qxd5 8. Nc3 Qh5 9. Nxe4 Be6 10. Bf4 O-O-O 11. Qd3 Nb4 12. Qd2 d3 13. cxd3
Nxd3 14. Red1 Bb4 15. Qe3 Nxf4 16. Qxf4 Kb8 17. h3 Qf5 18. Qe3 Bd5 19. Ng3
Qf6 20. Nh2 Rhe8 21. Qd4 Qxd4 22. Rxd4 Bc5 23. Rd2 Bc4 24. Rxd8+ Rxd8 25.
Nf3 a6 26. Rc1 b5 27. b3 Ba3 28. Re1 Be6 29. Ne5 Kb7 30. Nf3 Bb4 31. Re4
Bc5 32. Kh2 Bd5 33. Re5 Bxf3 34. Rxc5 Bc6 35. Nf5 g6 36. Ne7 Rd6 37. Nxc6
Rxc6 38. Rxc6 Kxc6 39. Kg3 Kc5 40. Kf4 Kb4 41. Ke5 Ka3 42. Kd5 Kxa2 43. b4
Kb3 44. Kc5 Ka4 45. f4 f5 46. g4 a5 47. bxa5 Kxa5 48. gxf5 gxf5 49. Kd4 Kb4
50. Kd3 Kb3 51. Kd2 Kb2 52. Kd3 c5 53. Kd2 c4 54. Kd1 c3 55. Ke2 c2 56. Ke3
c1=Q+ 57. Kd4 Qxf4+ 58. Kc5 Qc4+ 59. Kd6 f4 60. Ke5 f3 61. Kf6 f2 62. Kf5
f1=Q+ 63. Kg5 Qg2+ 64. Kf6 Qcf1+ 65. Ke5 Qge2+ 66. Kd6 Qfd1+ 67. Kc5 Qec2+
68. Kb6 Qd6+ 69. Ka5 Qa3+ 70. Kb6 Qcc5+ 71. Kb7 Qaa7# { White checkmated }
0-1